[Event "FIDE World School-ch O-11 2025"]
[Site "Vrnjacka Banja"]
[Date "2025.03.25"]
[Round "6.5"]
[White "Yildiz, Ali Aras"]
[Black "Lishoy Gengis Paratazham, Dildarav"]
[Result "1-0"]
[Annotator "NA RC"]
[ECO "C09"]
[WhiteElo "1932"]
[BlackElo "2071"]
[PlyCount "153"]
[EventDate "2025.03.19"]
[EventType "swiss"]
[EventCountry "SRB"]
[SourceTitle "playchess.com"]
[Source "ChessBase"]
[SourceQuality "1"]
[TimeControl "5400+30"]

1. e4 e6 2. d4 d5 3. Nd2 c5 4. exd5 exd5 5. Bb5+ Nc6 6. Ngf3 Qe7+ 7. Be2 Qc7 8. O-O Nf6 9. dxc5 Bxc5 10. Nb3 Be7 11. Bg5 O-O 12. h3 Rd8 13. Nbd4 Be6 14. c3 h6 15. Bh4 Nxd4 16. Nxd4 Ne4 17. Bxe7 Qxe7 18. Bf3 f5 19. Re1 Qd7 20. Qc2 Bf7 21. Rad1 Rac8 22. Qc1 Bg6 23. Ne2 Qc7 24. Rd4 Bf7 25. Red1 b5 26. Nf4 Qb6 27. Qe3 Qb7 28. Bxe4 fxe4 29. Qd2 Rc4 30. b3 Rxd4 31. Qxd4 Qc7 32. g3 g5 33. Ng2 Rc8 34. Ne3 Qxc3 35. Qxa7 Qc5 36. Qd7 Qc6 37. Qxc6 Rxc6 38. Nxd5 Kg7 39. Ne3 h5 40. Nf5+ Kf6 41. Rd6+ Rxd6 42. Nxd6 b4 43. Nxf7 Kxf7 44. Kf1 g4 45. hxg4 hxg4 46. Ke2 Ke6 47. Kd2 Kd5 48. Ke3 Ke5 49. Ke2 Kd5 50. Kd1 Kd4 51. Kc2 e3 52. fxe3+ Kxe3 53. a4 bxa3 54. b4 Kf3 55. b5 Kxg3 56. b6 a2 57. Kb2 Kf2 58. b7 g3 59. b8=Q g2 60. Qf4+ Ke2 61. Qg3 Kf1 62. Qf3+ Kg1 63. Kxa2 Kh2 64. Qf2 Kh1 65. Qh4+ Kg1 66. Kb3 Kf1 67. Qf4+ Ke2 68. Qg3 Kf1 69. Qf3+ Kg1 70. Kc3 Kh2 71. Qf2 Kh1 72. Qh4+ Kg1 73. Kd3 Kf1 74. Qf4+ Ke1 75. Qf3 g1=N 76. Qg2 Nh3 77. Qe2# 1-0

[Event "FIDE World School-ch O-11 2025"]
[Site "Vrnjacka Banja"]
[Date "2025.03.25"]
[Round "6.6"]
[White "Kiringoda, Thehas Rithmitha"]
[Black "Pavlovic, Aleksej"]
[Result "1-0"]
[Annotator "NA RC"]
[ECO "C14"]
[WhiteElo "1868"]
[BlackElo "1571"]
[PlyCount "27"]
[EventDate "2025.03.19"]
[EventType "swiss"]
[EventCountry "SRB"]
[SourceTitle "playchess.com"]
[Source "ChessBase"]
[SourceQuality "1"]
[TimeControl "5400+30"]

1. e4 e6 2. d4 d5 3. Nc3 Nf6 4. Bg5 Be7 5. e5 Nfd7 6. h4 h6 7. Bxe7 Qxe7 8. Qg4 g6 9. h5 g5 10. O-O-O a6 11. Nf3 c5 12. dxc5 Nxc5 13. Nxd5 Qf8 14. Nc7+ 1-0